 Dungeon Crawl Stone Soup version 0.24-a0-189-g5d897e9104 (webtiles) character file.

Game seed: 1513150995606467771

10862 Flugkiller the Cleaver (level 11, -9/62 HPs)
             Began as a Vine Stalker Chaos Knight on Mar 17, 2019.
             Was a Plaything of Xom.
             Mangled by a komodo dragon (16 damage)
             ... on level 2 of the Lair of Beasts.
             The game lasted 00:20:15 (10834 turns).

Flugkiller the Cleaver (Vine Stalker Chaos Knight) Turns: 10834, Time: 00:20:16

Health: -9/62      AC: 17    Str: 17    XL:     11   Next: 68%
Magic:  0/12       EV: 11    Int: 12    God:    Xom [*.....]
Gold:   690        SH:  0    Dex: 15    Spells: 10/10 levels left

rFire    . . .     SeeInvis .   N - +2 war axe (freeze)
rCold    + . .     Gourm    .   (no shield)
rNeg     . . .     Faith    .   d - +3 chain mail
rPois    .         Spirit   +   x - +0 helmet
rElec    .         Reflect  .   D - +0 cloak
rCorr    .         Harm     .   q - +0 pair of gloves
MR       +....                  (no boots)
Stlth    ..........             (no amulet)
HPRegen  0.60/turn              f - +4 ring of evasion
MPRegen  0.13/turn              h - ring of protection from cold

@: no status effects
A: fangs 3, regeneration 1, magic shield, antimagic bite, no potion heal 3, rot
immunity
a: Renounce Religion


You were on level 2 of the Lair of Beasts.
You worshipped Xom.
You were a special plaything of Xom.
You were not hungry.

You visited 2 branches of the dungeon, and saw 12 of its levels.
You also visited: Ossuary.

You collected 690 gold pieces.

Inventory:

Hand Weapons
 a - a +0 hand axe of chaos
 I - a +3 scimitar of flaming
   (You took it off Erica on level 1 of the Lair of Beasts)
 M - a +0 broad axe
   (You found it on level 9 of the Dungeon)
 N - a +2 war axe of freezing (weapon)
   (You found it on level 10 of the Dungeon)
Missiles
 u - 2 throwing nets (quivered)
Armour
 d - a +3 chain mail (worn)
   (You found it on level 5 of the Dungeon)
 q - a +0 pair of gloves (worn)
   (You found it on level 5 of the Dungeon)
 v - a +2 hat
   (You found it on level 1 of the Lair of Beasts)
 w - a +0 large shield
   (You found it on level 4 of the Dungeon)
 x - a +0 helmet (worn)
   (You found it on level 6 of the Dungeon)
 D - a +0 cloak (worn)
   (You took it off Crazy Yiuf on level 6 of the Dungeon)
Jewellery
 f - a +4 ring of evasion (left hand)
   (You found it on level 1 of the Dungeon)
 h - a ring of protection from cold (right hand)
   (You found it on level 6 of the Dungeon)
 P - an uncursed ring of see invisible
   (You found it on level 10 of the Dungeon)
Wands
 o - a wand of acid (3)
   (You took it off an orc wizard on level 3 of the Dungeon)
 H - a wand of clouds (3)
   (You found it on level 8 of the Dungeon)
 J - a wand of enslavement (3)
   (You found it on level 7 of the Dungeon)
 K - a wand of iceblast (7)
   (You found it on level 9 of the Dungeon)
 L - a wand of paralysis (1)
   (You found it on level 9 of the Dungeon)
Scrolls
 b - 4 scrolls of magic mapping
 n - a scroll of teleportation
 r - a scroll of fog {unknown}
 s - a scroll of enchant weapon
 t - a scroll of random uselessness {unknown}
 y - a scroll of enchant armour {unknown}
 F - 2 scrolls of remove curse
Potions
 e - 2 potions of mutation
 g - a potion of degeneration {unknown}
 i - 2 potions of lignification
 j - a potion of brilliance
 l - 3 potions of ambrosia
 m - 6 potions of curing
 p - 2 potions of haste
 z - a potion of cancellation
 A - 2 potions of might
 B - a potion of invisibility
 C - 2 potions of agility
 E - a potion of flight
 G - a potion of resistance
Comestibles
 c - 28 rations


   Skills:
 + Level 9.4 Fighting
 * Level 11.9 Axes
 + Level 7.3 Armour
 - Level 0.7 Dodging


You had 10 spell levels left.
You didn't know any spells.
Your spell library contained the following spells:

 Spells                   Type           Power        Failure   Level  Hunger
 Confusing Touch          Hex            #.....       98%         1    ##.....
 Freeze                   Ice            #...         98%         1    ##.....
 Throw Frost              Conj/Ice       #.....       99%         2    ###....
 Confuse                  Hex            #.......     100%        3    ####...
 Gell's Gravitas          Tloc           #.........   100%        3    ####...
 Ozocubu's Armour         Chrm/Ice       #.......     100%        3    ####...
 Petrify                  Tmut/Erth      #.......     100%        4    #####..
 Summon Ice Beast         Ice/Summ       #.......     100%        4    #####..
 Throw Icicle             Conj/Ice       #.......     100%        4    #####..
 Metabolic Englaciation   Hex/Ice        #.........   100%        5    ######.
 Yara's Violent Unravell  Hex/Tmut       #.........   100%        5    ######.


Dungeon Overview and Level Annotations

Branches:
Dungeon (10/15)            Temple (0/1) D:6            Lair (2/6) D:10
    Orc (0/2) D:10
  Swamp: Lair:2-4    Shoals: Lair:2-4     Snake: Lair:2-4    Spider: Lair:2-4

Altars:
Ashenzari
Elyvilon
Makhleb
Nemelex Xobeh
Qazlal
Ru
Trog
Uskayaw
Wu Jian
Xom
Yredelemnul

Shops:
D:4 :

Annotations:
D:8 2 transporters, Shinnjin's ghost, novice MiBe


Innate Abilities, Weirdness & Mutations

You have razor-sharp teeth.
Your natural rate of healing is unusually fast.
When hurt, damage is shared between your health and your magic reserves.
Your bite disrupts and absorbs the magic of your enemies.
Potions cannot restore your health.
You are immune to rotting.


Message History

You slash the porcupine! You freeze the porcupine.
You kill the porcupine!
You hit the komodo dragon.
The komodo dragon seems to slow down.
You freeze the komodo dragon. You bite the komodo dragon. You drain its power.
You feel invigorated.
The komodo dragon is moderately wounded.
The komodo dragon bites you!!
* * * LOW HITPOINT WARNING * * *
A shower of butterflies erupts from you!
You swap places.
You swap places.
The komodo dragon closely misses your butterfly.
Evoke which item? (* to show all) (? for menu, Esc to quit)
Okay, then.
What are your orders? t - Shout!
Orders for allies: a - Attack new target. r - Retreat! s - Stop attacking. g - Guard the area. f - Follow me.
Anything else - Cancel.
Gang up on whom?
Press: ? - help, Dir - move target cursor, f - komodo dragon
Aim: a komodo dragon (moderately wounded, slow) Attack!
Xom's power touches on a nearby monster.
The komodo dragon suddenly seems more resistant.
The komodo dragon is no longer moving slowly.
Unknown command.
Evoke which item? (* to show all) (? for menu, Esc to quit)
Aiming: Cloud Cone
Press: ? - help, Dir - move target cursor, f/p - komodo dragon
Aim: a komodo dragon (moderately wounded, unusually resistant) Really cloud near your butterfly?
You create a blast of poison gas!
Your butterfly is engulfed in poison gas.
Your butterfly is poisoned.
You kill your butterfly!
Your butterfly is engulfed in poison gas.
Your butterfly is poisoned.
You kill your butterfly!
Your butterfly is engulfed in poison gas.
Your butterfly is poisoned.
You kill your butterfly!
The komodo dragon bites you!
* * * LOW HITPOINT WARNING * * *
You hit the komodo dragon.
The komodo dragon is moderately wounded.
The komodo dragon bites you!
You die...
Xom howls with laughter!

≈≈≈≈≈≈≈≈≈≈P≈...
♣≈≈≈≈≈≈≈P≈≈≈...
♣≈≈≈≈≈≈≈≈≈≈≈...
♣≈≈≈P≈≈P≈≈...
♣♣♣♣♣........
###♣#.#...#.P.###
#.##☼.†#### ###
###§§§###
#@l#...#
###§§§#.#
#...§b## ##.b...#
#....## ##....#
#.....P P......


You could see a komodo dragon.

Vanquished Creatures
  Fannar (Lair:1)
  A hydra (Lair:1)
  Erica (Lair:1)
  An orb spider (Lair:1)
  An elephant (Lair:1)
  Joseph (Lair:1)
  A komodo dragon (Lair:1)
  2 hippogriffs
  A tarantella (Lair:2)
  4 yaks (Lair:1)
  Grum (Lair:1)
  A steam dragon (D:10)
  A warg (D:10)
  4 water moccasins
  2 porcupines
  3 orc warriors
  An ice beast (D:5)
  A black bear (D:9)
  4 ogres
  4 phantoms
  2 wolves (Lair:1)
  11 centaurs
  A necrophage (D:7)
  A crocodile (Lair:1)
  6 bullfrogs
  3 elf zombies (Ossuary)
  A water moccasin zombie (D:7)
  A wyvern skeleton (D:6)
  5 scorpions
  8 killer bees
  A howler monkey (D:5)
  7 wights
  6 crimson imps
  A human zombie (Ossuary)
  A quasit (D:6)
  A bullfrog zombie (D:8)
  A centaur zombie (Ossuary)
  A centaur skeleton (D:6)
  2 hounds
  2 jellies
  An orc priest (D:8)
  4 bullfrog skeletons
  5 orc wizards
  Crazy Yiuf (D:6)
  3 iguanas
  9 worker ants
  A killer bee zombie (D:7)
  3 hound skeletons
  2 mummies (Ossuary)
  A howler monkey zombie (D:9)
  2 worker ant zombies
  2 howler monkey skeletons
  11 gnolls
  11 adders
  3 shadow imps
  A white imp (D:5)
  2 oozes
  3 adder zombies
  An adder skeleton (D:6)
  2 worms (D:3)
  A dart slug (D:1)
  7 leopard geckos
  40 orcs
  2 ball pythons (D:3)
  A giant cockroach (D:1)
  7 goblins
  8 hobgoblins
  22 jackals
  5 quokkas
  6 bats (D:1)
  8 frilled lizards
  A goblin zombie (Ossuary)
  7 hobgoblin zombies (Ossuary)
  A jackal zombie (Ossuary)
  2 kobolds
  12 kobold zombies (Ossuary)
  6 orc zombies (Ossuary)
  5 rats
  3 rat zombies (Ossuary)
  A fungus (Lair:1)
  2 withered plants (D:7)
313 creatures vanquished.

Vanquished Creatures (collateral kills)
  2 orc warriors
  A sky beast (D:5)
  A killer bee (D:8)
  An orc priest (D:10)
  An orc wizard (D:4)
  An orc (D:3)
7 creatures vanquished.

Vanquished Creatures (others)
  A bush (Lair:1)
  A fungus (Lair:1)
  4 plants
6 creatures vanquished.

Grand Total: 326 creatures vanquished

Notes
Turn   | Place    | Note
-------+----------+-------------------------------------------
     0 | D:1      | Flugkiller the Vine Stalker Chaos Knight began the quest
                  | for the Orb.
     0 | D:1      | Reached XP level 1. HP: 11/11 MP: 2/2
    26 | D:1      | XOM: harmless Summ miscast
   100 | D:1      | Reached skill level 3 in Axes
   100 | D:1      | Reached XP level 2. HP: 16/16 MP: 3/3
   414 | D:1      | Reached XP level 3. HP: 17/20 MP: 4/4
   536 | D:1      | XOM: harmless Air miscast
   885 | D:2      | Found a sacrificial altar of Ru.
   921 | D:2      | Found a basalt altar of Yredelemnul.
   921 | D:2      | Found a sparkling altar of Nemelex Xobeh.
   921 | D:2      | Found a burning altar of Makhleb.
   930 | D:2      | Gained mutation: Your natural rate of healing is unusually
                  | fast. [Vine Stalker growth]
   930 | D:2      | Reached XP level 4. HP: 22/25 MP: 5/5
   940 | D:2      | XOM: cloud trail
   979 | D:2      | Found a faded altar of an unknown god.
  1291 | D:2      | XOM: mild Tmut miscast
  1355 | D:3      | XOM: cast spell 'Summon Ice Beast'
  1409 | D:3      | XOM: noise
  1424 | D:3      | XOM: confusion
  1431 | D:3      | XOM: enchant monster (bad)
  1482 | D:3      | XOM: butterfly on damage
  1484 | D:3      | XOM: smoke on damage
  1614 | D:3      | Reached skill level 4 in Axes
  1614 | D:3      | Reached XP level 5. HP: 29/29 MP: 4/6
  1844 | D:3      | You fall through a shaft for 3 floors!
  1846 | D:6      | Found a hide-covered altar of Uskayaw.
  1852 | D:6      | Found a shimmering altar of Xom.
  1898 | D:5      | Entered Level 5 of the Dungeon
  1946 | D:5      | Noticed an ice beast
  1968 | D:5      | XOM: confuse monster(s)
  1995 | D:5      | Noticed a sky beast
  2003 | D:5      | XOM: summons friendly iron imp
  2009 | D:5      | Killed a sky beast
  2009 | D:5      | Reached XP level 6. HP: 18/34 MP: 4/7
  2016 | D:5      | XOM: summons 3 hostile demons
  2146 | D:4      | Reached skill level 5 in Fighting
  2146 | D:4      | Reached skill level 5 in Axes
  2191 | D:4      | XOM: fake destruction
  2659 | D:3      | Found an ornate altar of the Wu Jian Council.
  2895 | D:4      | XOM: blink monster(s)
  2901 | D:4      | XOM: confusion (+ monsters)
  2914 | D:4      | Reached XP level 7. HP: 26/39 MP: 8/8
  3079 | D:4      | Found Ceetupyi's Book Boutique.
  3327 | D:5      | XOM: harmless Pois miscast
  3330 | D:5      | XOM: medium Tmut miscast
  3466 | D:5      | Noticed Grinder
  3466 | D:5      | XOM: noise
  3466 | D:5      | Paralysed by Grinder for 4 turns
  3468 | D:5      | XOM: harmless Ice miscast
  3476 | D:5      | Paralysed by Grinder for 3 turns
  3486 | D:5      | XOM: blink monster(s)
  3502 | D:5      | XOM: enchant monster (bad)
  3521 | D:5      | XOM: confusion (+ monsters)
  3648 | D:5      | Noticed Grinder
  3648 | D:5      | Grinder changed into Grinder the white imp
  3651 | D:5      | Killed Grinder the white imp
  3793 | D:5      | Reached skill level 6 in Axes
  3871 | D:5      | XOM: smoke on damage
  3890 | D:5      | Gained mutation: You have razor-sharp teeth. [Vine Stalker
                  | growth]
  3890 | D:5      | Reached XP level 8. HP: 36/44 MP: 9/9
  3983 | D:5      | Found a stormy altar of Qazlal.
  4218 | D:6      | XOM: enchant monster (good)
  4232 | D:6      | XOM: smoke on damage
  4280 | D:6      | Reached skill level 7 in Axes
  4303 | D:6      | Found a staircase to the Ecumenical Temple.
  4529 | D:6      | Found a runed translucent door.
  4530 | D:6      | Noticed Crazy Yiuf
  4651 | D:6      | XOM: harmless Tmut miscast
  4805 | D:6      | Killed Crazy Yiuf
  4903 | D:7      | Reached XP level 9. HP: 49/49 MP: 10/10
  4929 | D:7      | Found a sand-covered staircase.
  4939 | Ossuary  | Entered an ossuary
  5062 | Ossuary  | XOM: confusion (+ monsters)
  5085 | Ossuary  | Reached skill level 8 in Axes
  5462 | D:7      | XOM: swap monsters
  5884 | D:7      | XOM: fog
  6054 | D:8      | Reached skill level 9 in Axes
  6073 | D:8      | Reached skill level 5 in Armour
  6122 | D:8      | Found a transporter.
  6127 | D:8      | Found a transporter.
  6127 | D:8      | Noticed Shinnjin's ghost (novice MiBe)
  6135 | D:8      | XOM: harmless Ice miscast
  6142 | D:8      | XOM: 1-stop teleportation journey
  6147 | D:8      | XOM: summons 9 friendly demons
  6164 | D:8      | Found a bloodstained altar of Trog.
  6322 | D:8      | XOM: swap monsters
  6341 | D:8      | XOM: god gift: rapier {god gift}
  6342 | D:8      | XOM: blink monster(s)
  6343 | D:8      | XOM: swap monsters
  6428 | D:8      | Reached XP level 10. HP: 44/55 MP: 9/11
  6429 | D:8      | XOM: summons friendly shadow imp
  6698 | D:8      | XOM: 1-stop teleportation journey
  6709 | D:8      | XOM: summons 4 friendly demons
  6894 | D:8      | Found a white marble altar of Elyvilon.
  7373 | D:8      | XOM: harmless Necr miscast
  7579 | D:9      | XOM: destruction
  7583 | D:9      | XOM: potion effect (agility)
  7630 | D:9      | Reached skill level 10 in Axes
  7779 | D:9      | XOM: confusion (+ monsters)
  7830 | D:9      | XOM: 1-stop teleportation journey
  7889 | D:9      | Found a shattered altar of Ashenzari.
  8015 | D:9      | XOM: swap monsters
  8086 | D:10     | Entered Level 10 of the Dungeon
  8245 | D:10     | Found a staircase to the Orcish Mines.
  8246 | D:10     | XOM: noise
  8248 | D:10     | XOM: cleaving
  8534 | D:10     | Found a staircase to the Lair.
  8687 | Lair:1   | Entered Level 1 of the Lair of Beasts
  8715 | Lair:1   | XOM: 1-stop teleportation journey
  8718 | Lair:1   | XOM: enchant monster (good)
  8804 | Lair:1   | Reached XP level 11. HP: 40/60 MP: 10/12
  8874 | Lair:1   | Noticed Grum
  8874 | Lair:1   | XOM: noise
  8886 | Lair:1   | Reached skill level 11 in Axes
  8895 | Lair:1   | XOM: harmless Tloc miscast
  8897 | Lair:1   | Killed Grum
  8934 | Lair:1   | XOM: harmless Hex miscast
  8981 | Lair:1   | Noticed an eight-headed hydra
  8985 | Lair:1   | XOM: divination: detect creatures
  8990 | Lair:1   | XOM: noise
  8999 | Lair:1   | XOM: fog
  9012 | Lair:1   | XOM: harmless Tmut miscast
  9027 | Lair:1   | XOM: summons friendly crimson imp
  9035 | Lair:1   | XOM: blink monster(s)
  9036 | Lair:1   | XOM: enchant monster (good)
  9058 | Lair:1   | XOM: enchant monster (bad)
  9081 | Lair:1   | XOM: divination: magic mapping
  9086 | Lair:1   | XOM: swap monsters
  9119 | Lair:1   | XOM: harmless Tmut miscast
  9124 | Lair:1   | Killed an eight-headed hydra
  9187 | Lair:1   | Noticed Erica
  9198 | Lair:1   | Killed Erica
  9417 | Lair:1   | Noticed Fannar
  9428 | Lair:1   | XOM: smoke on damage
  9431 | Lair:1   | XOM: 2-stop teleportation journey
  9636 | Lair:1   | XOM: repel stairs
  9719 | Lair:1   | XOM: noise
  9722 | Lair:1   | XOM: harmless Air miscast
  9741 | Lair:1   | XOM: noise
  9750 | Lair:1   | XOM: cleaving
  9762 | Lair:1   | XOM: enchant monster (bad)
  9844 | Lair:1   | XOM: noise
  9855 | Lair:1   | XOM: divine lightning
  9864 | Lair:1   | XOM: swap monsters
  9866 | Lair:1   | XOM: noise
  9870 | Lair:1   | Killed Fannar
  9912 | Lair:1   | Noticed Joseph
  9975 | Lair:1   | XOM: harmless Fire miscast
  9976 | Lair:1   | XOM: chaos upgrade
  9986 | Lair:1   | Killed Joseph
 10268 | Lair:2   | XOM: polymorph spiny frog -> tarantella
 10370 | Lair:2   | XOM: cleaving
 10381 | Lair:2   | XOM: divine lightning
 10541 | Lair:1   | XOM: polymorph bullfrog -> ooze
 10545 | Lair:1   | Noticed an orb spider
 10545 | Lair:1   | a spiny frog changed into an orb spider
 10545 | Lair:1   | XOM: polymorph spiny frog -> orb spider
 10552 | Lair:1   | XOM: divination: detect items
 10590 | Lair:1   | XOM: destruction
 10611 | Lair:1   | Killed an orb spider
 10825 | Lair:2   | XOM: butterfly on damage
 10829 | Lair:2   | XOM: enchant monster (bad)
 10834 | Lair:2   | Mangled by a komodo dragon

Levels and vault maps discovered:
D:1:      mrwooster_arrival_statue_3, layout_rooms, minmay_tetromino_i4
D:2:      layout_basic, chequers_temple_overflow_statue_of_worship,
          chequers_ecumenical_altar_simple, hangedman_ru_absence
D:3:      layout_loops_corners, lemuel_crystal_altar, first_ration, hex_medium,
          minmay_misc_feat_doors
D:4:      layout_loops_cross, serial_shops, shop, minmay_cupped
D:5:      minmay_evil_eye, layout_loops_ring, lemuel_round_altar, uniq_grinder
D:6:      layout_cave_pools, nicolae_overflow_hidden_temple,
          amethyst_overflow_temple_binary, minmay_temple_entry_hall,
          uniq_crazy_yiuf_cottage
D:7:      layout_loops_ring, serial_undead, serial_undead_d, serial_undead_f,
          serial_undead_e, serial_undead_b, chequers_ossuary_entry_cave
D:8:      layout_layer_cave, kennysheep_mini_moat, bloody_trog,
          gammafunk_ghost_hive, serial_glass, glass_columns_c, glass_columns_a
D:9:      layout_cross, ashenzari_altar_1, grunt_pizzeria
D:10:     layout_roguey, lair_entry_dummy, erik_orc_4
Lair:1:   layout_layer_cave, minmay_hedge_maze, uniq_erica, uniq_grum,
          uniq_joseph, uniq_fannar
Lair:2:   layout_cave_pods, skrybe_swamp_entry_bodies, serial_bayou_shore_a,
          infiniplex_staircase_pool_2, lemuel_fruit_tree
Ossuary:  ossuary_tomb_1

Skill      XL: |  1  2  3  4  5  6  7  8  9 10 11 |
---------------+----------------------------------+-----
Fighting       | 3 4 5 6 7 8 9 |  9.4
Axes           | 3 4 5 6 7 9 10 11 | 11.9
Armour         | 2 3 5 6 7 |  7.3
Dodging        | |  0.7

Action                   |  1- 3 |  4- 6 |  7- 9 | 10-12 || total
-------------------------+-------+-------+-------+-------++-------
Melee: Hand axe          |    83 |   186 |   544 |   189 ||  1002
       Bite              |    21 |    56 |   202 |   131 ||   410
       War axe           |       |       |       |   178 ||   178
       Broad axe         |       |       |       |    43 ||    43
       Scimitar          |       |       |       |     7 ||     7
Evoke: Wand              |       |       |       |    13 ||    13
  Use: Potion            |       |     1 |       |     4 ||     5
       Scroll            |       |     4 |    11 |    11 ||    26
 Stab: Petrifying        |       |     1 |       |     1 ||     2
       Paralysed         |       |     5 |     7 |     2 ||    14
       Sleeping          |       |     1 |     1 |       ||     2
       Confused          |       |       |    17 |     1 ||    18
       Petrified         |       |       |     5 |       ||     5
  Eat: Chunk             |       |     7 |    12 |    14 ||    33
Armor: Leather armour    |    41 |    40 |       |       ||    81
       Plate armour      |       |    40 |    36 |       ||    76
       Chain mail        |       |       |   187 |   247 ||   434
       Skin              |       |       |       |     3 ||     3
Dodge: Dodged            |    61 |    90 |   220 |   243 ||   614
       Rpst.: Scimitar   |       |       |       |     1 ||     1

Table legend:
 A = Non-vault XP
 B = Vault XP
 C = Vault XP percentage of total XP
 D = Non-vault monster count
 E = Vault monster count
 F = Vault count percentage of total count
                 A         B        C        D         E       F
            +---------+---------+-------+---------+---------+-------
      Total |   11919 |    3599 |  23.2 |     245 |      72 |  22.7
            +---------+---------+-------+---------+---------+-------
        D:1 |      49 |       6 |  10.9 |      25 |       4 |  13.8
        D:2 |      49 |       0 |   0.0 |      15 |       0 |   0.0
        D:3 |     232 |       0 |   0.0 |      28 |       0 |   0.0
        D:4 |     289 |       1 |   0.3 |      15 |       1 |   6.2
        D:5 |     872 |      11 |   1.2 |      23 |       1 |   4.2
        D:6 |     650 |      39 |   5.7 |      16 |       1 |   5.9
        D:7 |    1005 |     263 |  20.7 |      27 |       5 |  15.6
        D:8 |    1938 |       0 |   0.0 |      44 |       0 |   0.0
        D:9 |     782 |     144 |  15.6 |      15 |       2 |  11.8
       D:10 |    1182 |     361 |  23.4 |      17 |      13 |  43.3
     Lair:1 |    3984 |    2331 |  36.9 |      15 |       6 |  28.6
     Lair:2 |     887 |       0 |   0.0 |       5 |       0 |   0.0
    Ossuary |       0 |     443 | 100.0 |       0 |      39 | 100.0
            +---------+---------+-------+---------+---------+-------
